 Dungeon Crawl Stone Soup version 0.29-a0-529-gfa20dd96a1 (webtiles) character file.

Game seed: 8728739526449800500

1 Peedeoo7 the Sneak (level 1, -1/18 HPs)
             Began as a Demonspawn Delver on June 1, 2022.
             Splashed by a jelly's acid (9 damage)
             ... on level 4 of the Dungeon.
             The game lasted 00:00:59 (69 turns).

Peedeoo7 the Sneak (Demonspawn Delver)                Turns: 69, Time: 00:01:00

Health: -1/18      AC: -1    Str: 12    XL:     1   Next: 16%
Magic:  1/1        EV: 11    Int: 11    God:
Gold:   26         SH:  0    Dex: 14    Spells: 0/0 levels left

rFire   . . .      SeeInvis .   a - +0 spear
rCold   . . .      Faith    .   (no shield)
rNeg    . . .      Spirit   .   b - +0 leather armour
rPois   .          Reflect  .   (no helmet)
rElec   .          Harm     .   (no cloak)
rCorr   .          Rampage  .   (no gloves)
Will    .....                   (no boots)
Stlth   +++.......              (no amulet)
HPRegen 0.06/turn               (no ring)
MPRegen 0.07/turn               (no ring)

@: corroded
A: no striking features
a: no special abilities


You were on level 4 of the Dungeon.
You visited 1 branch of the dungeon, and saw 2 of its levels.

You collected 26 gold pieces.

Inventory:

Hand Weapons
 a - a +0 spear (weapon)
Missiles
 h - a javelin (quivered)
Armour
 b - a +0 leather armour (worn)
Wands
 g - a wand of digging (3)
Scrolls
 c - a scroll of fog
 d - a scroll of magic mapping
 e - a scroll of fear
Potions
 f - a potion of haste


   Skills:
 + Level 3.0 Fighting
 + Level 1.7 Polearms
 + Level 1.7 Dodging
 + Level 4.6 Stealth


You couldn't memorise any spells.
You didn't know any spells.
Your spell library was empty.

Dungeon Overview and Level Annotations

Branches:
Dungeon (5/15)
 Temple: D:4-7

Altars:

Shops:
D:5 (

Portals:
Ossuary: D:4


Message History

You barely miss the hobgoblin.
The hobgoblin is almost dead.
The hobgoblin completely misses you.
You barely miss the hobgoblin.
The hobgoblin is almost dead.
The hobgoblin closely misses you.
You hit the hobgoblin.
You kill the hobgoblin!
h - 2 javelins
Found 9 gold pieces.
An ufetubus comes into view.
You now have 26 gold pieces (gained 9).
Found a whip.
You hear a distant slurping noise.
Found 20 stones.
You hear the slow hiss of an avalanche of sand nearby.
Found a potion of haste.
You see here a +0 whip.
A jelly comes into view.
The jelly quivers.
Found a sand-covered staircase.
There are no items here.
There are no items here.
Throw: 2 javelins
Press: ? - help, Q - select action Shift-Dir - straight line, f - jelly
Aim: a jelly (89% to hit)
You throw a javelin. The javelin pierces through the jelly.
The jelly is moderately wounded.
Unknown command.
You hit the jelly.
Your hands burn!
You punch the jelly, but do no damage.
The jelly is heavily wounded.
The jelly hits you but does no damage.
You hit the jelly.
Your hands burn!
The jelly is heavily wounded.
The jelly completely misses you.
You barely miss the jelly.
The jelly is heavily wounded.
The jelly hits you. The acid corrodes you!
You are splashed with acid!
Ouch! That really hurt!
You die...

######### #.# #.#
#....(..# #.# #(.
#.......# #.# ....
##.......#####.#
#...#..............#
#...#.......)#######
.###..........#
∩.....J.......#
#..!@...####
#....###### #...
.... ... ##


You could see a jelly.

Vanquished Creatures
  A hobgoblin (D:4)
1 creature vanquished.

Notes
Turn   | Place    | Note
-------+----------+-------------------------------------------
     0 | D:5      | Peedeoo7 the Demonspawn Delver began the quest for the Orb.
     0 | D:5      | Reached XP level 1. HP: 18/18 MP: 1/1
     1 | D:5      | Noticed a black bear
    63 | D:4      | Noticed a jelly
    65 | D:4      | Found a sand-covered staircase.
    69 | D:4      | Splashed by a jelly's acid

Illustrated notes

Levels and vault maps discovered:
D:4:      layout_loops_cross, nicolae_ossuary_entry_plus, uniq_natasha
D:5:      layout_loops_ring, serial_shops, nicolae_stop_n_shop_2, uniq_edmund,
          uniq_eustachio

Action                   || total
-------------------------++-------
Melee: Spear             ||     8
       Punch             ||     1
Throw: Javelin           ||     3
Armor: Leather armour    ||     1
Dodge: Dodged            ||     4

Table legend: (Time is in decaauts)
 A = Elapsed time spent in this place.
 B = Non-inter-level travel time spent in this place.
 C = Inter-level travel time spent in this place.
 D = Time resting spent in this place.
 E = Time spent auto-exploring this place.
 F = Levels seen in this place.
 G = Mean time per level.
                   A        B        C        D        E       F      G
               +--------+--------+--------+--------+--------+-----+--------+
         Total |     70 |     38 |     32 |      0 |      0 |   2 |   35.0 |
       Dungeon |     70 |     38 |     32 |      0 |      0 |   2 |   35.0 |
               +--------+--------+--------+--------+--------+-----+--------+

Top non-repeatable levels by time:
     D:4: 62 daAuts
     D:5: 8 daAuts
